 Dungeon Crawl Stone Soup version 0.21-a0-163-g3aa3f5d (webtiles) character file.

22 4thArraOfDagon the Grave Robber (level 2, -3/11 HPs)
             Began as a Felid Necromancer on Aug 5, 2017.
             Was an Initiate of Cheibriados.
             Killed from afar by a dart slug (7 damage)
             ... with a slug dart
             ... on level 1 of the Dungeon.
             The game lasted 00:03:06 (653 turns).

4thArraOfDagon the Grave Robber (Felid Necromancer)  Turns: 653, Time: 00:03:07

Health: -3/11      AC:  1    Str:  5    XL:     2   Next: 68%
Magic:  5/6        EV: 18    Int: 17    God:    Cheibriados [......]
Gold:   66         SH:  0    Dex: 17    Spells: 4/5 levels left
                                        Lives:  0   Deaths: 0

rFire    . . .     SeeInvis +   (weapon unavailable)
rCold    . . .     Gourm    .   (shield unavailable)
rNeg     . . .     Faith    .   (armour unavailable)
rPois    .         Spirit   .   (helmet unavailable)
rElec    .         Reflect  .   (cloak unavailable)
rCorr    .         Harm     .   (gloves unavailable)
MR       .....                  (boots unavailable)
Stlth    ++++......             (no amulet)
HPRegen  0.03/turn              c - ring of stealth
MPRegen  0.10/turn              (no ring)

@: slow
A: no armour, no weapons or thrown items, stealth, claws 1, fangs 3, see
invisible, carnivore 3, speed 1, shaggy fur 1, slow metabolism 1, sharp paws
a: Bend Time, Renounce Religion


You were on level 1 of the Dungeon.
You worshipped Cheibriados.
Cheibriados was noncommittal.
You were very full.

You visited 1 branch of the dungeon, and saw 3 of its levels.

You collected 66 gold pieces.

Inventory:

Jewellery
 c - a ring of stealth (left paw)
Scrolls
 d - a scroll of remove curse
 f - a scroll of amnesia {unknown}
 g - a scroll of enchant weapon
 j - a scroll of recharging
Potions
 h - a potion of haste
 i - a potion of curing
Books
 a - a book of Necromancy

   Spells                             Type                      Level
   a - Pain                           Necromancy                   1
   b - Animate Skeleton               Necromancy                   1
   c - Vampiric Draining              Necromancy                   3
   d - Regeneration                   Charms/Necromancy            3
   e - Animate Dead                   Necromancy                   4
   f - Control Undead                 Necromancy                   4
Comestibles
 b - 2 meat rations


   Skills:
 - Level 2.6 Dodging
 - Level 2.6 Stealth
 - Level 2.1 Spellcasting
 * Level 4.7 Necromancy


You had 4 spell levels left.
You knew the following spells:

 Your Spells              Type           Power        Failure   Level  Hunger
a - Pain                  Necr           ###.         2%          1    #......


Dungeon Overview and Level Annotations

Branches:
Dungeon (3/15)

Altars:
Cheibriados


Innate Abilities, Weirdness & Mutations

You cannot wear armour.
You are incapable of wielding weapons or throwing items.
Your paws allow you to move quietly. (Stealth)
You have sharp claws.
You have razor-sharp teeth.
You have supernaturally acute eyesight. (SInv)
You are carnivorous and can eat meat at any time.
You cover ground quickly.
You are covered in fur. (AC +1)
You have a slow metabolism.
Your sharp claws are effective at attacking unaware monsters.


Message History

You see here 26 bolts.
There is a stone staircase leading down here.
There is a stone staircase leading up here.
You climb upwards.
There is a stone staircase leading down here.
Unknown command.
There is a stone staircase leading up here.
You climb upwards.
A dart slug comes into view.
There is a stone staircase leading down here.
Casting: Pain
Confirm with . or Enter, or press ? or * to list all spells.
Aiming: Pain
Press: ? - help, Shift-Dir - straight line, f - dart slug
Aim: a dart slug (clinging, resting, chance to defeat MR: 87%)
The dart slug writhes in agony!
The dart slug launches a dart at you. The slug dart hits you!
Ouch! That really hurt!
You die...

.. #.#
#.##.#
..#.#
#.#.#
...#
#.###..#
#......#
#..@#
#.#.# #
w.# ####


You could see a dart slug.

Vanquished Creatures
  A dart slug (D:1)
  2 giant cockroaches
  2 goblins
  5 hobgoblins
  4 bats
  3 frilled lizards
  A kobold (D:2)
18 creatures vanquished.

Vanquished Creatures (others)
  6 toadstools (D:2)
6 creatures vanquished.

Grand Total: 24 creatures vanquished

Notes
Turn   | Place    | Note
-------+----------+-------------------------------------------
     0 | D:1      | 4thArraOfDagon the Felid Necromancer began the quest for the Orb.
     0 | D:1      | Reached XP level 1. HP: 7/7 MP: 4/4
   140 | D:1      | Reached XP level 2. HP: 2/11 MP: 0/6
   584 | D:3      | Found a snail-covered altar of Cheibriados.
   600 | D:3      | Became a worshipper of Cheibriados the Contemplative
   653 | D:1      | Killed from afar by a dart slug

Vault maps used:
D:1:      zelgadis_glass_arrival_small, supply_closet_lemuel,
          minmay_misc_feat_encased
D:2:      cheibrodos_fertilizer, marbit_many_paths
D:3:      lemuel_coloured_pillars_altar

Action                   || total
-------------------------++-------
Melee: Unarmed           ||     5
 Cast: Pain              ||    30
  Use: Scroll            ||     5
 Stab: Sleeping          ||     4
  Eat: Chunk             ||     6
Armor: Skin              ||     2
Dodge: Dodged            ||    10
